 Dungeon Crawl Stone Soup version bcrawl-1.40.2 (webtiles) character file.

Game seed: 18401764103365352359

198718 Queen the Insei (level 6, 51/51 HPs)
             Began as a Draconian Transmuter on Nov 19, 2023.
             Was a Follower of Zin.
             Quit the game on level 4 of the Dungeon.
             The game lasted 00:09:52 (2843 turns).

Queen the Insei (Draconian Transmuter)              Turns: 2843, Time: 00:09:53

Health: 51/51      AC:  6    Str: 12    XL:     6   Next: 39%
Magic:  10/10      EV: 13    Int: 15    God:    Zin [*.....]
Gold:   183        SH:  0    Dex: 12    Spells: 3/11 levels left

rFire    . . .     GDR:     24%   - Fists (7.8)
rCold    . . .     SeeInvis .   (no shield)
rNeg     . . .     Gourm    .   (armour unavailable)
rPois    .         Faith    .   (helmet restricted)
rElec    .         Spirit   .   (no cloak)
rCorr    .         Reflect  .   (no gloves)
MR       +....                  (no boots)
Stlth    +.........             (no amulet)
HPRegen  0.18/turn              q - ring "Vimpobb" {+Inv +Fly}
MPRegen  0.12/turn              p - ring of protection from magic

@: no status effects
A: unfitting armour, cold-blooded, AC +6
a: Recite, Donate Gold, Renounce Religion, Evoke Invisibility, Evoke Flight


You were on level 4 of the Dungeon.
You worshipped Zin.
Zin was aware of your devotion.
You were hungry.

You visited 1 branch of the dungeon, and saw 4 of its levels.

You collected 203 gold pieces.
You donated 20 gold pieces to Zin.

Inventory:

Missiles
 a - 120 arrows
 g - a throwing net {=f!f}
Armour
 t - a +0 pair of gloves
Jewellery
 k - an uncursed ring of fire
 p - a ring of protection from magic (right hand)
 q - the ring "Vimpobb" (left hand) {+Inv +Fly}
   (You found it on level 2 of the Dungeon)

   [ring of flight]

   It lets you turn invisible.
   It lets you fly.
Wands
 n - a wand of charming (8)
 o - a wand of random effects (9)
Scrolls
 b - a scroll of fog
 h - a scroll of amnesia
 i - a scroll of immolation {unknown}
 j - 2 scrolls of enchant armour
 m - a scroll of remove curse {@r2}
 s - a scroll of teleportation {unknown}
Potions
 c - a potion of lignification
 d - a potion of curing {@q1}
 f - a potion of mutation
 l - a potion of flight
 r - a potion of invisibility
 u - 2 potions of agility
 v - a potion of magic {unknown}
 w - a potion of heal wounds {unknown}
 x - a potion of degeneration {unknown}
Comestibles
 e - 9 rations {!d}


   Skills:
 + Level 3.0 Fighting
 + Level 2.9 Dodging
 + Level 4.1 Unarmed Combat
 + Level 3.1 Spellcasting
 * Level 4.1 Transmutations


You had 3 spell levels left.
You knew the following spells:

 Your Spells              Type           Power        Failure   Level  Hunger
a - Sticks to Snakes      Tmut           ##......     5%          2    #......
b - Passwall              Tmut/Erth      #.......     13%         2    #......
q - Beastly Appendage     Tmut           ##....       3%          1    None
w - Spider Form           Tmut/Pois      #..          26%         3    ####...

Your spell library contained the following spells:

 Spells                   Type           Power        Failure   Level  Hunger
 Ice Form                 Ice/Tmut       #.......     63%         4    #####..
 Blade Hands              Tmut           ##........   71%         5    ######.


Dungeon Overview and Level Annotations

Branches:
Dungeon (4/12)
 Temple: D:4-7

Altars:
Zin

Annotations:
D:3 Sigmund


Innate Abilities, Weirdness & Mutations

Your plain brown scales are hard. (AC +6)
You cannot fit into any form of body armour.
You are cold-blooded and may be slowed by cold attacks.


Message History

You kneel at the altar of Zin.
Zin welcomes you!
You pay a tithe of 20 gold.
You can now recite Zin's Axioms of Law. x2; You can now donate money to Zin.
x - a glowing clear potion A worm comes into view.
A worm is nearby!
A worm is nearby!
A worm is nearby!
Okay, then.
There's no appreciative audience!
Okay, then.
Okay, then.
Casting: Beastly Appendage (safe; 3% risk of failure)
Confirm with . or Enter, or press ? or * to list all spells.
Casting this spell will place you under penance.
Really cast?
Okay, then.
Quiver which item? (- for none, * to show all) (? for menu, Esc to quit)
Okay, then.
Are you sure you want to abandon this character and quit the game? (Confirm with "yes".)

.# .# .# .# ###
########.# ###########<.
......... #...........#
........####.###########
.............#
.......@###### #######
........# #....#.
.......w. #....#.
.......#.# #....#.
#.....# .# #....#.
###### .# #...... ..
###....## ## ..........
##........


You could see a worm (wandering).

Vanquished Creatures
  Grinder (D:3)
  An orc wizard (D:3)
  Jessica (D:3)
  3 adders
  An ooze (D:2)
  2 worms (D:2)
  A dart slug (D:1)
  2 leopard geckos
  7 orcs
  6 bats
  4 giant cockroaches
  6 goblins
  9 hobgoblins
  5 jackals
  4 kobolds
  3 frilled lizards
  2 rats
58 creatures vanquished.

Notes
Turn   | Place    | Note
-------+----------+-------------------------------------------
     0 | D:1      | Queen the Draconian Transmuter began the quest for the Orb.
     0 | D:1      | Reached XP level 1. HP: 16/16 MP: 3/3
   247 | D:1      | Reached XP level 2. HP: 20/23 MP: 3/5
   873 | D:2      | Reached XP level 3. HP: 27/29 MP: 4/6
   891 | D:1      | Learned a level 2 spell: Sticks to Snakes
   894 | D:1      | Learned a level 2 spell: Passwall
  1121 | D:2      | Got a fine brass ring
  1122 | D:2      | Identified the ring "Vimpobb" {+Inv +Fly} (You found it on
                  | level 2 of the Dungeon)
  1671 | D:3      | Reached XP level 4. HP: 27/36 MP: 7/7
  1722 | D:3      | Noticed Sigmund
  2226 | D:3      | Noticed Jessica
  2234 | D:3      | Killed Jessica
  2235 | D:3      | Reached XP level 5. HP: 36/42 MP: 6/9
  2277 | D:3      | Noticed Grinder
  2340 | D:2      | Learned a level 3 spell: Spider Form
  2447 | D:3      | Killed Grinder
  2448 | D:3      | Reached XP level 6. HP: 42/51 MP: 7/10
  2696 | D:4      | Found a glowing silver altar of Zin.
  2797 | D:4      | Became a worshipper of Zin the Law-Giver
  2797 | D:4      | Reached * piety under Zin
  2843 | D:4      | Quit the game

Skill      XL: |  1  2  3  4  5 |
---------------+----------------+-----
Dodging        | 2 |  2.9
Fighting       | 2 3 |  3.0
Transmutations | 3 4 |  4.1
Unarmed Combat | 4 |  4.1
Spellcasting   | 3 |  3.1

Action                   |  1- 3 |  4- 6 || total
-------------------------+-------+-------++-------
Melee: Unarmed           |   131 |    71 ||   202
       Tailslap          |     9 |    12 ||    21
       Headbutt          |     5 |       ||     5
       Kick              |    16 |     9 ||    25
       Punch             |     1 |       ||     1
 Cast: Beastly Appendage |    24 |    11 ||    35
       Spider Form       |       |     1 ||     1
  Use: Scroll            |     8 |     3 ||    11
  Eat: Chunk             |     6 |     5 ||    11
Armor: Skin              |    37 |    13 ||    50
Dodge: Dodged            |    71 |    43 ||   114
